 Dungeon Crawl Stone Soup version 0.18.1-6-gd335043 (webtiles) character file.

163 Perunarutto the Ruffian (level 5, -7/52 HPs)
             Began as a Troll Monk on May 17, 2016.
             Mangled by an ogre
             ... wielding a +0 giant club
              (34 damage)
             ... on level 4 of the Dungeon.
             The game lasted 00:18:05 (1630 turns).

Perunarutto the Ruffian (Troll Monk)                Turns: 1630, Time: 00:18:06

Health: -7/52      AC:  5    Str: 19    XL:     5   Next: 20%
Magic:  4/4        EV: 11    Int:  6    God:
Gold:   122        SH:  0    Dex: 13    Spells: 0 memorised, 4 levels left

rFire  . . .     SeeInvis .       - Unarmed
rCold  . . .     Gourm    +     a - +0 robe
rNeg   . . .     Faith    .     (no shield)
rPois  .         Spirit   .     (helmet restricted)
rElec  .         Dismiss  +     (no cloak)
rCorr  .         Reflect  .     (gloves unavailable)
SustAt .         Harm     .     (boots unavailable)
MR     .....                    f - amulet of dismissal
Stlth  ++........               (no ring)
                                (no ring)

@: lethally poisoned (-7 -> -7), not resistant to hostile enchantments,
unstealthy
A: unfitting armour, claws 3, fast metabolism 3, gourmand, regeneration 2,
shaggy fur 1, tough skin 2
a: no special abilities


You were on level 4 of the Dungeon.
You were not hungry.

You visited 1 branch of the dungeon, and saw 4 of its levels.

You collected 122 gold pieces.

Inventory:

Missiles
 k - a throwing net (quivered)
Armour
 a - a +0 robe (worn)
Jewellery
 f - an amulet of dismissal (around neck)
Potions
 d - 4 potions of curing
 h - a potion of heal wounds {unknown}
 j - 2 potions of lignification {unknown}
 o - a potion of brilliance {unknown}
Comestibles
 b - 3 bread rations
 i - 2 slices of pizza
 l - a beef jerky
 p - a meat ration


   Skills:
 + Level 2.9 Fighting
 + Level 3.3 Dodging
 + Level 1.8 Stealth
 + Level 5.0 Unarmed Combat


You had 4 spell levels left.
You didn't know any spells.

Dungeon Overview and Level Annotations

Branches:
Dungeon (4/15)
 Temple: D:4-7

Altars:


Innate Abilities, Weirdness & Mutations

You are too large for most types of armour.
You have claws for hands.
Your metabolism is lightning-fast.
You like to eat raw meat.
You heal very quickly.
You are covered in fur (AC +1).
You have very tough skin (AC +2).


Message History

The adder bites you but does no damage.
You scratch the adder.
The adder is almost dead.
The adder closely misses you.
You closely miss the adder. Your claw misses the adder.
The adder is almost dead.
The adder bites you.
Your amulet of dismissal vibrates suddenly!
You are poisoned.
The adder poisons you!
The adder disappears!
You claw the ogre!
The ogre is moderately wounded.
You feel sick. The ogre hits you with a giant club!!
Ouch! That really hurt!
You feel sick.
You feel sick.
You feel sick. The ogre hits you with a giant club!!
Ouch! That really hurt!
You die...

#.## #..#####
#......###
##.......##
#........###
##..........##
##............#
#.....O.......#
#...##...@......#
#...#
#....[....##
....# ##........#
.... ##.......#
#.. ##....#.S.#
##..####... ##.#
#.. ### ##


You could see an ogre and an adder.

Vanquished Creatures
  2 orc wizards (D:3)
  A worker ant (D:4)
  An adder (D:2)
  An ooze (D:1)
  A worm (D:2)
  2 dart slugs
  4 giant geckos
  3 orcs (D:3)
  A giant cockroach (D:1)
  11 goblins
  4 hobgoblins (D:1)
  7 jackals
  3 kobolds (D:1)
  2 quokkas
  5 bats
  5 giant newts
  7 rats
60 creatures vanquished.

Notes
Turn   | Place    | Note
--------------------------------------------------------------
     0 | D:1      | Perunarutto the Troll Monk began the quest for the Orb.
     0 | D:1      | Reached XP level 1. HP: 22/22 MP: 0/0
     3 | D:1      | Noticed an electric eel
     3 | D:1      | Noticed an electric eel
    68 | D:1      | Reached XP level 2. HP: 26/29 MP: 1/1
   518 | D:1      | Reached XP level 3. HP: 36/36 MP: 2/2
  1073 | D:3      | Reached XP level 4. HP: 44/44 MP: 3/3
  1569 | D:3      | Reached XP level 5. HP: 48/52 MP: 4/4
  1600 | D:4      | Reached skill level 5 in Unarmed Combat
  1610 | D:4      | Noticed an ogre
  1630 | D:4      | Mangled by an ogre

Skill      XL: |  1  2  3  4  5 |
---------------+----------------+-----
Dodging        | 3 |  3.3
Unarmed Combat | 5 |  5.0
Fighting       | |  2.9
Stealth        | |  1.8

Action                   |  1- 3 |  4- 6 || total
-------------------------+-------+-------++-------
Melee: Unarmed           |   110 |    53 ||   163
  Use: Scroll            |     2 |     6 ||     8
 Stab: Sleeping          |     4 |     1 ||     5
  Eat: Chunk             |     5 |     6 ||    11
       Pizza             |     1 |     1 ||     2
Armor: Robe              |    42 |    16 ||    58
Dodge: Dodged            |    47 |    30 ||    77
